 Dungeon Crawl Stone Soup version 0.25.0-10-g039870ee82 (webtiles) character file.

Game seed: 9546500692508844688

23 Descartes the Grasshopper (level 2, 0/13 HPs)
             Began as a Felid Warper on June 23, 2020.
             Slain by an adder (4 damage)
             ... on level 2 of the Dungeon.
             The game lasted 00:01:10 (1249 turns).

Descartes the Grasshopper (Felid Warper)            Turns: 1249, Time: 00:01:11

Health: 0/13       AC:  1    Str:  7    XL:     2   Next: 75%
Magic:  6/6        EV: 18    Int: 14    God:
Gold:   46         SH:  0    Dex: 15    Spells: 5/5 levels left
                                        Lives:  0   Deaths: 0

rFire    . . .     SeeInvis +     - Unarmed
rCold    . . .     Gourm    .   (shield unavailable)
rNeg     . . .     Faith    .   (armour unavailable)
rPois    .         Spirit   .   (helmet unavailable)
rElec    .         Reflect  .   (cloak unavailable)
rCorr    .         Harm     .   (gloves unavailable)
MR       .....                  (boots unavailable)
Stlth    +++.......             (no amulet)
HPRegen  0.04/turn              (no ring)
MPRegen  0.10/turn              (no ring)

@: lethally poisoned (0 -> -7), quick
A: very small, no armour, no weapons or thrown items, stealth, claws 1, fangs 3,
see invisible, carnivore, speed 1, shaggy fur 1, slow metabolism 1, sharp paws
a: no special abilities


You were on level 2 of the Dungeon.
You were very full.

You visited 1 branch of the dungeon, and saw 2 of its levels.

You collected 46 gold pieces.

Inventory:

Missiles
 e - 95 stones
Scrolls
 b - 2 scrolls of blinking
 g - 2 scrolls of identify {unknown}
 h - a scroll of magic mapping {unknown}
 j - a scroll of remove curse {unknown}
 k - a scroll of immolation {unknown}
Potions
 a - a potion of curing {unknown}
 d - a potion of ambrosia {unknown}
 f - a potion of haste {unknown}
 i - a potion of heal wounds {unknown}
Comestibles
 c - 2 rations


   Skills:
 - Level 2.0 Fighting
 - Level 3.2 Dodging
 + Level 3.7 Stealth
 - Level 2.0 Unarmed Combat
 - Level 2.0 Spellcasting
   Level 4.4 Translocations


You had 5 spell levels left.
You didn't know any spells.
Your spell library contained the following spells:

 Spells                   Type           Power        Failure   Level  Hunger
 Blink                    Tloc           N/A          6%          2    ###....
 Gell's Gravitas          Tloc           ##........   12%         3    ####...
 Lesser Beckoning         Tloc           ##........   12%         3    ####...
 Teleport Other           Tloc           ##......     12%         3    ####...
 Shroud of Golubria       Chrm/Tloc      #.....       14%         2    ###....
 Passage of Golubria      Tloc           N/A          36%         4    #####..


Dungeon Overview and Level Annotations

Branches:
Dungeon (2/15)

Altars:


Innate Abilities, Weirdness & Mutations

You cannot wear armour.
You are incapable of wielding weapons or throwing items.
Your paws allow you to move quietly. (Stealth)
You have sharp claws.
You have razor-sharp teeth.
You have supernaturally acute eyesight. (SInv)
You are carnivorous and can eat meat at any time.
You cover ground quickly.
You are covered in fur. (AC +1)
You have a slow metabolism.
Your sharp claws are effective at attacking unaware monsters.


Message History

An adder is nearby!
Found a stone staircase leading down.
You pounce on the unaware helpless adder!
You claw the adder!
The adder is almost dead.
The adder bites you.
You are poisoned.
The adder poisons you! The adder barely misses you.
You miss the adder.
The adder is almost dead.
You feel sick. The adder bites you.
You scratch the adder.
The adder is almost dead.
The adder bites you.
You are lethally poisoned!
The adder poisons you!
You closely miss the adder.
The adder is almost dead.
The adder bites you.
You die...

#.. #.# #.####
# >.. .#.# #
#.#....##
####.##.#......
#.....<$.....#
#.##.##.######
# #@# #S# #..
#... .....
##.... .....
####..


You could see an adder.

Vanquished Creatures
  An ooze (D:1)
  A leopard gecko (D:1)
  4 bats (D:1)
  2 giant cockroaches (D:1)
  3 goblins (D:1)
  A frilled lizard (D:1)
  2 kobolds (D:1)
  4 rats (D:1)
18 creatures vanquished.

Vanquished Creatures (others)
  A rat (D:1)
1 creature vanquished.

Grand Total: 19 creatures vanquished

Notes
Turn   | Place    | Note
-------+----------+-------------------------------------------
     0 | D:1      | Descartes the Felid Warper began the quest for the Orb.
     0 | D:1      | Reached XP level 1. HP: 9/9 MP: 4/4
   127 | D:1      | Reached XP level 2. HP: 12/13 MP: 6/6
  1249 | D:2      | Slain by an adder

Illustrated notes

Levels and vault maps discovered:
D:1:      dpeg_arrival_court, layout_loops_ring, hangedman_decor_growths,
          lemuel_flame_loot_1
D:2:      layout_loops_cross, gammafunk_temple_overflow_pools,
          lemuel_crystal_altar, minitemple, first_ration

Skill      XL: |  1  2 |
---------------+-------+-----
Stealth        | 2 3 |  3.7
Fighting       | |  2.0
Dodging        | |  3.2
Unarmed Combat | |  2.0
Spellcasting   | |  2.0
Translocations | |  4.4

Action                   || total
-------------------------++-------
Melee: Unarmed           ||    56
       Bite              ||     5
       Punch             ||     1
 Stab: Sleeping          ||     4
  Eat: Chunk             ||     7
Armor: Skin              ||     5
Dodge: Dodged            ||    38
